 Dungeon Crawl Stone Soup version 0.30.1-3-gfc49f6343a (webtiles) character file.

Game seed: 16397761537622299545

2876 spardeous the Destroyer (level 9, -3/62 HPs)
             Began as a Demigod Conjurer on Aug 5, 2023.
             Shot with a sling bullet by Joseph (19 damage)
             ... on level 7 of the Dungeon.
             The game lasted 00:08:06 (6337 turns).

spardeous the Destroyer (Demigod Conjurer)          Turns: 6337, Time: 00:08:07

Health: -3/62      AC:  9    Str:  8    XL:     9   Next: 24%
Magic:  34/34      EV: 10    Int: 32    God:
Gold:   200        SH:  0    Dex: 12    Spells: 17/24 levels left

rFire   . . .        w - +7 war axe of Fuhu {flame, rC+ Will+ SInv}
rCold   + . .        (no shield)
rNeg    . . .        g - +0 ring mail
rPois   +            o - +0 helmet
rElec   .            D - +0 cloak
rCorr   .            A - +0 pair of gloves
SInv    +            F - +0 pair of boots
Will    +....        (no amulet)
Stlth   +            d - ring of poison resistance
HPRegen 0.30/turn    z - ring of magical power
MPRegen 0.24/turn

%: no passive effects
@: no status effects
A: high MP 1, forlorn, divine attributes
a: no special abilities


You were on level 7 of the Dungeon.
You visited 1 branch of the dungeon, and saw 6 of its levels.

You collected 200 gold pieces.

Inventory:

Hand Weapons
 w - the +7 war axe of Fuhu (weapon) {flame, rC+ Will+ SInv}
   (You found it on level 6 of the Dungeon)

   rC:        It protects you from cold.
   SInv:      It lets you see invisible.
   Will:      It increases your willpower.
Armour
 g - a +0 ring mail (worn)
 o - a +0 helmet (worn)
 A - a +0 pair of gloves (worn)
 D - a +0 cloak (worn)
 E - a +0 kite shield
 F - a +0 pair of boots (worn)
Jewellery
 d - a ring of poison resistance (left hand)
 q - a ring of ice
 z - a ring of magical power (right hand)
Wands
 v - a wand of paralysis (10)
Scrolls
 c - a scroll of acquirement {unknown}
 f - 4 scrolls of noise {unknown}
 k - 2 scrolls of teleportation {unknown}
 l - 2 scrolls of amnesia {unknown}
 m - 2 scrolls of enchant armour {unknown}
 n - 2 scrolls of identify {unknown}
 p - 2 scrolls of blinking {unknown}
 t - a scroll of fog {unknown}
 y - a scroll of brand weapon {unknown}
 B - a scroll of magic mapping {unknown}
Potions
 a - a potion of mutation {unknown}
 b - a potion of magic
 e - 3 potions of attraction {unknown}
 h - a potion of flight {unknown}
 i - 8 potions of curing {unknown}
 j - 7 potions of heal wounds {unknown}
 r - 2 potions of invisibility {unknown}
 s - 2 potions of haste {unknown}
 u - a potion of brilliance {unknown}
 x - a potion of lignification {unknown}
 C - a potion of degeneration {unknown}


   Skills:
 - Level 1.7 Dodging
 - Level 1.7 Stealth
 + Level 8.0 Spellcasting
 + Level 9.3 Conjurations


You had 17 spell levels left.
You knew the following spells:

 Your Spells              Type           Power      Damage    Failure   Level
a - Magic Dart            Conj           100%       1d8       1%          1
b - Searing Ray           Conj           100%       2d8       1%          2
c - Iskenderun's Mystic   Conj/Tloc      42%        2d10      17%         4

Your spell library contained the following spells:

 Spells                   Type           Power      Damage    Failure   Level
 Dazzling Flash           Conj/Hex       84%        N/A       4%          3
 Scorch                   Fire           24%        2d6       17%         2
 Flame Wave               Conj/Fire      42%        2d11      17%         4
 Fulminant Prism          Conj/Hex       21%        3d12      17%         4
 Call Canine Familiar     Summ           12%        N/A       34%         3
 Portal Projectile        Hex/Tloc       24%        N/A       34%         3
 Animate Dead             Necr           12%        N/A       75%         4
 Leda's Liquefaction      Hex/Erth       6%         N/A       75%         4
 Summon Cactus Giant      Summ           6%         N/A       100%        6
 Haunt                    Necr/Summ      6%         N/A       100%        7
 Infestation              Necr           6%         N/A       100%        8


Dungeon Overview and Level Annotations

Branches:
Dungeon (8/15)
 Temple: D:4-7         Lair: D:8-11

Portals:
Abyss: D:6

Annotations:
D:6 2 transporters, spardeous's ghost, novice DgAE
D:7 Joseph
D:8 3 runed translucent doors, jujuben's ghost, novice TeAE


Innate Abilities, Weirdness & Mutations

You have an increased reservoir of magic. (+10% MP)
You shall have no god before yourself.
Your divine heritage dramatically boosts your attributes as you level up.


Message History

Ouch! That really hurt!
* * * LOW HITPOINT WARNING * * *
Casting: Magic Dart (safe; 1% risk of failure)
Confirm with . or Enter, or press ? or * to list all spells.
Aiming: Magic Dart (safe; 1% risk of failure)
Press: ? - help, Shift-Dir - straight line, f - cyclops
Aim: a cyclops, quivering large rocks (100% to hit)
The magic dart hits the cyclops but does no damage.
A cyclops is nearby!
Casting: Magic Dart (safe; 1% risk of failure)
Confirm with . or Enter, or press ? or * to list all spells.
Aiming: Magic Dart (safe; 1% risk of failure)
Press: ? - help, Shift-Dir - straight line, f/p - cyclops
Aim: a cyclops, quivering large rocks (100% to hit)
The magic dart hits the cyclops but does no damage.
You take 48 damage, and have 14/62 hp.
MASSIVE DAMAGE!!
You now have 32/34 mp.
Unknown command.
Things that are here:
a +0 trident; a +0 robe; MP restored: 34
Items here: ))) [[[.
Things that are here:
a +0 scimitar; 7 stones; a +0 robe
There is a stone staircase leading up here.
You climb upwards.
Level annotation: Joseph Joseph shoots a sling bullet.
The sling bullet hits you.
* * * LOW HITPOINT WARNING * * *
There is a stone staircase leading down, spattered with blood here.
Things that are here:
a +0 chain mail; a +0 short sword You take 3 damage, and have 14/62 hp.
Joseph shoots a sling bullet.
The sling bullet misses you.
Things that are here:
a boomerang; a +0 hand axe
Things that are here:
a +0 ring mail; a +0 dagger
Things that are here:
a +0 trident; a +0 leather armour; a +0 hand axe Joseph shoots a sling bullet.
The sling bullet hits you!!
You die...

######## ####..)....
###############....######
#.([)...@....##....#
#@##########.###'######## #.#
##.##.).#.>.... ##.##
#...#...#...###
########...########..######...#.<
...............<.................
......##.@.###<.###..####..####.#
.............#..# #..# #..# #..
......###.##.#..###..####..# ##.#


You could see Joseph.

Vanquished Creatures
  A two-headed ogre (D:8)
  A slime creature (D:8)
  2 water moccasins
  2 orc warriors
  An ice beast (D:8)
  A sky beast (D:7)
  A centaur (D:8)
  A phantom (D:7)
  A kobold brigand (D:8)
  4 bullfrogs
  A gnoll sergeant (D:8)
  11 wights
  A killer bee (D:8)
  A howler monkey (D:8)
  A hound (D:6)
  3 orc priests
  An iguana (D:7)
  Terence (D:2)
  2 orc wizards
  An adder (D:2)
  4 gnolls (D:8)
  2 white imps
  A worm (D:2)
  15 orcs
  4 ball pythons (D:1)
  2 bats (D:2)
  3 giant cockroaches
  5 goblins
  8 hobgoblins
  A quokka (D:1)
  3 frilled lizards
  6 kobolds
  3 rats
95 creatures vanquished.

Notes
Turn   | Place    | Note
-------+----------+-------------------------------------------
     0 | D:1      | spardeous the Demigod Conjurer began the quest for the Orb.
     0 | D:1      | Reached XP level 1. HP: 14/14 MP: 5/5
   288 | D:1      | Reached XP level 2. HP: 20/20 MP: 2/7
   734 | D:2      | Reached skill level 4 in Conjurations
  1033 | D:2      | Reached XP level 3. HP: 25/26 MP: 3/9
  1036 | D:2      | Learned a level 2 spell: Searing Ray
  1587 | D:2      | Noticed Terence
  1593 | D:2      | Killed Terence
  1926 | D:3      | You fall into a shaft and drop 3 floors!
  1965 | D:6      | Reached XP level 4. HP: 33/33 MP: 0/11
  2274 | D:6      | Noticed a bullfrog
  2279 | D:6      | Killed a bullfrog
  2280 | D:6      | Reached skill level 5 in Conjurations
  2280 | D:6      | Reached XP level 5. HP: 33/38 MP: 5/13
  2351 | D:6      | Found a transporter.
  2359 | D:6      | Found a one-way gate to the infinite horrors of the Abyss.
  2359 | D:6      | Noticed spardeous's ghost (novice DgAE)
  2414 | D:6      | Reached XP level 6. HP: 43/45 MP: 2/15
  2643 | D:6      | Noticed a toenail golem
  2658 | D:6      | Noticed a small abomination
  2685 | D:6      | Identified the +7 war axe of Fuhu {flame, rC+ Will+ SInv}
  3035 | D:6      | Found a transporter.
  3036 | D:6      | Noticed a small abomination
  3074 | D:6      | Reached skill level 6 in Conjurations
  3517 | D:7      | Reached XP level 7. HP: 38/50 MP: 6/17
  3727 | D:7      | Noticed Joseph
  3786 | D:7      | Reached skill level 5 in Spellcasting
  3881 | D:6      | Learned a level 4 spell: Iskenderun's Mystic Blast
  4111 | D:7      | Reached skill level 7 in Conjurations
  4220 | D:7      | Noticed a torpor snail
  4222 | D:7      | Noticed a torpor snail
  4225 | D:7      | Noticed a torpor snail
  4914 | D:8      | Reached XP level 8. HP: 57/57 MP: 20/20
  4991 | D:8      | Found a runed translucent gate.
  4992 | D:8      | Found a runed translucent gate.
  4993 | D:8      | Found a runed translucent gate.
  4995 | D:8      | Noticed jujuben's ghost (novice TeAE)
  5110 | D:8      | Noticed a two-headed ogre
  5212 | D:8      | Killed a two-headed ogre
  5213 | D:8      | Reached skill level 8 in Conjurations
  5413 | D:8      | Noticed a slime creature
  5427 | D:8      | Killed a slime creature
  5428 | D:8      | Reached XP level 9. HP: 24/62 MP: 19/24
  5617 | D:8      | Noticed a tengu warrior
  5842 | D:8      | Reached skill level 9 in Conjurations
  6314 | D:8      | Noticed a cyclops
  6337 | D:7      | Shot with a sling bullet by Joseph

Illustrated notes

Levels and vault maps discovered:
D:1:      ebering_hopf_link, layout_basic
D:2:      layout_basic, uniq_terence
D:3:      layout_rooms, grunt_temple_overflow_gold_and_silver,
          lemuel_round_altar, elyvilon_altar_3
D:6:      layout_basic, gammafunk_ghost_abyssal_escape, minmay_misc_feat_cross,
          serial_bayou_lagoon_a
D:7:      layout_loops_ring, cheibriados_altar_2, sigmund_army, uniq_joseph
D:8:      nzn_winding_woodlands_stair_cross
          [nzn_winding_woodlands_5x15_river_crossing,
          nzn_winding_woodlands_center_triple_pond,
          nzn_winding_woodlands_5x15_jagged, nzn_winding_woodlands_5x5_cross,
          nzn_winding_woodlands_hourglass, nzn_winding_woodlands_5x15_default,
          nzn_winding_woodlands_center_garden,
          nzn_winding_woodlands_5x15_pathside_ponds], layout_loops_ring,
          ebering_ghost_gozag

Skill      XL: |  1  2  3  4  5  6  7  8  9 |
---------------+----------------------------+-----
Spellcasting   | 2 3 4 6 7 8 |  8.0
Conjurations   | 4 5 6 7 8 9 |  9.3
Dodging        | |  1.7
Stealth        | |  1.7

Action                     |  1- 3 |  4- 6 |  7- 9 || total
---------------------------+-------+-------+-------++-------
  Melee: Unarmed           |     4 |    11 |       ||    15
         War axe           |       |       |     5 ||     5
   Cast: Magic Dart        |    73 |    20 |    47 ||   140
         Searing Ray       |     2 |    11 |    43 ||    56
         Iskenderun's Myst |       |       |     2 ||     2
 Armour: Robe              |     3 |       |       ||     3
         Ring mail         |     4 |    13 |    19 ||    36
  Dodge: Dodged            |    39 |    12 |    36 ||    87
